 Dungeon Crawl Stone Soup version 0.29-a0-2-g12fcac58f8 (webtiles) character file.

Game seed: 8232695613692248554

68 bande the Covered (level 4, -8/28 HPs)
             Began as a Gargoyle Fighter on Jan 27, 2022.
             Mangled by Crazy Yiuf (13 damage)
             ... on level 2 of the Dungeon.
             The game lasted 00:02:19 (2202 turns).

bande the Covered (Gargoyle Fighter)                Turns: 2202, Time: 00:02:19

Health: -8/28      AC: 10    Str: 20    XL:     4   Next: 19%
Magic:  0/4        EV:  9    Int:  8    God:
Gold:   57         SH:  4    Dex: 11    Spells: 3/3 levels left

rFire   . . .      SeeInvis .   a - +0 war axe
rCold   . . .      Faith    .   c - +0 buckler
rNeg    + . .      Spirit   .   b - +0 scale mail
rPois   ∞          Reflect  .   (no helmet)
rElec   +          Harm     .   (no cloak)
rCorr   .          Rampage  .   (no gloves)
Will    .....                   (no boots)
Stlth   ..........              (no amulet)
HPRegen 0.09/turn               (no ring)
MPRegen 0.09/turn               (no ring)

@: no status effects
A: sickness immunity, AC +3, negative energy resistance 1, electricity
resistance, torment resistance 1, petrification resistance
a: no special abilities


You were on level 2 of the Dungeon.
You visited 1 branch of the dungeon, and saw 2 of its levels.

You collected 57 gold pieces.

Inventory:

Hand Weapons
 a - a +0 war axe (weapon)
Armour
 b - a +0 scale mail (worn)
 c - a +0 buckler (worn)
Scrolls
 f - 3 scrolls of identify
 h - a scroll of silence
Potions
 d - a potion of might
 e - a potion of heal wounds {unknown}


   Skills:
 + Level 3.6 Fighting
 + Level 2.7 Axes
 + Level 4.0 Armour
 + Level 3.8 Shields


You had 3 spell levels left.
You didn't know any spells.
Your spell library contained the following spells:

 Spells                   Type           Power      Damage    Failure   Level
 Gell's Gravitas          Tloc           0%         N/A       99%         3
 Lesser Beckoning         Tloc           0%         N/A       99%         3
 Teleport Other           Tloc           0%         N/A       99%         3
 Tukima's Dance           Hex            0%         N/A       99%         3
 Passage of Golubria      Tloc           0%         N/A       100%        4
 Yara's Violent Unravell  Hex/Tmut       0%         3d3       100%        5


Dungeon Overview and Level Annotations

Branches:
Dungeon (2/15)

Altars:

Annotations:
D:2 Crazy Yiuf


Innate Abilities, Weirdness & Mutations

You are immune to sickness and miasma.
Your stone body is resilient. (AC +3)
You are immune to poison.
You resist negative energy. (rN+)
You are resistant to electric shocks. (rElec)
You are resistant to unholy torment.
You are immune to petrification.


Message History

No target in view!
No target in view!
No target in view!
You open the door.
Found 15 sling bullets.
You see here 15 sling bullets.
You see here 15 sling bullets.
There is an open door here.
There is a stone staircase leading up here.
You see here 2 potions of lignification.
You now have 57 gold pieces (gained 15).
Key pressed, stopping explore.
Crazy Yiuf shouts!
Could not explore, unopened runed door.
You open the door.
Crazy Yiuf laughs, "Paint leg Hive!"
You slash Crazy Yiuf!
Crazy Yiuf is heavily wounded.
Crazy Yiuf whimpers, "Tosser senile action!"
Crazy Yiuf hits you with a +3 quarterstaff of chaos!
You feel your power leaking away.
You hit Crazy Yiuf.
Crazy Yiuf is almost dead.
Crazy Yiuf barely misses you.
You barely miss Crazy Yiuf.
Crazy Yiuf is almost dead.
Crazy Yiuf says, "Ice wrapper snail!"
You block Crazy Yiuf's attack.
Crazy Yiuf whimpers, "Rifle!
Action ladder Xom."
Crazy Yiuf hits you with a +3 quarterstaff of chaos.
Crazy Yiuf burns you.
You barely miss Crazy Yiuf.
Crazy Yiuf is almost dead.
Crazy Yiuf hits you with a +3 quarterstaff of chaos!
* * * LOW HITPOINT WARNING * * *
You feel your power leaking away.
You hit Crazy Yiuf.
Crazy Yiuf is almost dead.
Crazy Yiuf hits you with a +3 quarterstaff of chaos!
You die...

...##...####
#.#.# #.#.....#
# ...#.......#
##### #.#.....#
# ..##.......#
#.......# #
..#........#
##### #.#.....#
# .####...####
#)..# ###.....#
# .# #...# #...#
####### # ##
#...# ... #
#...# #g# ###
#### ## #..<#
#@##
#.#######... .#
##.## ##.#
#........... .#
#.# #.##
#.#######...
#### #.#####
##.# #.# #......
...###.....#
##.## #.#
#......
#...#####.##
##...# ###
#......
.###.####.##
#....# ####...
## ##......#
#....# #... #
#.###.######..##
#...


You could see Crazy Yiuf.

Vanquished Creatures
  2 adders (D:2)
  2 dart slugs (D:1)
  2 ball pythons (D:1)
  5 endoplasms
  3 giant cockroaches
  5 goblins
  5 hobgoblins (D:2)
  2 jackals (D:1)
  5 kobolds
  3 quokkas
  A bat (D:1)
  A frilled lizard (D:2)
  4 rats (D:1)
  A spectral goblin (D:1)
41 creatures vanquished.

Notes
Turn   | Place    | Note
-------+----------+-------------------------------------------
     0 | D:1      | bande the Gargoyle Fighter began the quest for the Orb.
     0 | D:1      | Reached XP level 1. HP: 14/14 MP: 1/1
   151 | D:1      | Found a faded altar of an unknown god.
   565 | D:1      | Reached XP level 2. HP: 16/19 MP: 2/2
   885 | D:1      | Reached XP level 3. HP: 20/23 MP: 3/3
  1221 | D:2      | Found a runed translucent door.
  1222 | D:2      | Noticed Crazy Yiuf
  1690 | D:2      | Reached skill level 4 in Armour
  1975 | D:2      | Reached XP level 4. HP: 28/28 MP: 4/4
  2202 | D:2      | Mangled by Crazy Yiuf

Illustrated notes

Levels and vault maps discovered:
D:1:      saegor_arrival_under_anarchy, layout_loops_ring,
          dreamdust_ecumenical_altar_drowned_temple, hex_large
D:2:      minmay_skewed_foursquare, layout_loops_cross, uniq_crazy_yiuf_cottage

Skill      XL: |  1  2  3 |
---------------+----------+-----
Axes           | 2 |  2.7
Armour         | 4 |  4.0
Fighting       | |  3.6
Shields        | |  3.8

Action                   |  1- 3 |  4- 6 || total
-------------------------+-------+-------++-------
Melee: War axe           |   155 |     9 ||   164
  Use: Scroll            |     3 |       ||     3
Armor: Scale mail        |    90 |     2 ||    92
Dodge: Dodged            |    85 |     2 ||    87
Block: Buckler           |    31 |     1 ||    32

Table legend: (Time is in decaauts)
 A = Elapsed time spent in this place.
 B = Non-inter-level travel time spent in this place.
 C = Inter-level travel time spent in this place.
 D = Time resting spent in this place.
 E = Time spent auto-exploring this place.
 F = Levels seen in this place.
 G = Mean time per level.
                   A        B        C        D        E       F      G
               +--------+--------+--------+--------+--------+-----+--------+
         Total |   2277 |   2267 |     10 |      0 |   1877 |   2 | 1138.5 |
       Dungeon |   2277 |   2267 |     10 |      0 |   1877 |   2 | 1138.5 |
               +--------+--------+--------+--------+--------+-----+--------+

Top non-repeatable levels by time:
     D:1: 1161 daAuts
     D:2: 1116 daAuts
